 Dungeon Crawl Stone Soup version 0.27.1-16-g815e20cd7a (webtiles) character file.

Game seed: 17041707063273646465

1145 pkoi the Ruffian (level 8, -1/51 (63) HPs)
             Began as a Black Draconian Monk on Nov 24, 2021.
             Was a Believer of Dithmenos.
             Slain by a wight (2 damage)
             ... on level 6 of the Dungeon.
             The game lasted 00:07:47 (5937 turns).

pkoi the Ruffian (Black Draconian Monk)             Turns: 5937, Time: 00:07:48

HP:   -1/51 (63)    AC:  7    Str: 14    XL:     8   Next: 15%
MP:   0/12          EV: 13    Int: 13    God:    Dithmenos [**....]
Gold: 1411          SH:  0    Dex: 19    Spells: 9/13 levels left

rFire    . . .     SeeInvis .   d - +2 whip (elec)
rCold    . . .     Faith    .   (no shield)
rNeg     . . .     Spirit   +   (armour unavailable)
rPois    +         Reflect  .   b - +1 hat
rElec    +         Harm     .   (no cloak)
rCorr    .         Rampage  .   (no gloves)
Will     .....                  (no boots)
Stlth    +++.......             k - amulet of guardian spirit
HPRegen  0.17/turn              n - ring of poison resistance
MPRegen  0.13/turn              r - +6 ring of dexterity

@: wreathed by umbra, heavily drained
A: breathe lightning, AC +6, unfitting armour, electricity resistance,
cold-blooded
a: Breathe Lightning, Renounce Religion, Shadow Step


You were on level 6 of the Dungeon.
You worshipped Dithmenos.
Dithmenos was pleased with you.
You visited 2 branches of the dungeon, and saw 7 of its levels.

You collected 1411 gold pieces.

Inventory:

Hand Weapons
 d - a +2 whip of electrocution (weapon)
 l - a +2 dagger of venom
Armour
 b - a +1 hat (worn)
Jewellery
 g - a ring of flight
 k - an amulet of guardian spirit (around neck)
 n - a ring of poison resistance (left hand)
 r - a +6 ring of dexterity (right hand)
Wands
 p - a wand of iceblast (5)
Scrolls
 a - 2 scrolls of magic mapping
 f - a scroll of enchant armour
 i - 2 scrolls of amnesia
 o - a scroll of fog
Potions
 c - 3 potions of curing {unknown}
 e - a potion of lignification
 h - 3 potions of magic {unknown}
 j - 2 potions of brilliance {unknown}
 m - a potion of heal wounds {unknown}


   Skills:
 - Level 3.2 Fighting
 - Level 2.6 Dodging
 - Level 1.7 Stealth
 + Level 7.3 Unarmed Combat
 - Level 3.0 Spellcasting
 + Level 5.8 Translocations


You had 9 spell levels left.
You knew the following spells:

 Your Spells              Type           Power      Damage    Failure   Level
a - Apportation           Tloc           34%        N/A       1%          1
b - Gell's Gravitas       Tloc           8%         N/A       6%          3

Your spell library contained the following spells:

 Spells                   Type           Power      Damage    Failure   Level
 Lesser Beckoning         Tloc           8%         N/A       6%          3
 Teleport Other           Tloc           17%        N/A       6%          3
 Passage of Golubria      Tloc           N/A        N/A       21%         4
 Animate Skeleton         Necr           2%         N/A       22%         1
 Corona                   Hex            1%         N/A       22%         1
 Foxfire                  Conj/Fire      4%         2x1d4     22%         1
 Summon Small Mammal      Summ           4%         N/A       22%         1
 Conjure Flame            Conj/Fire      1%         6-21      56%         3
 Inner Flame              Hex/Fire       1%         N/A       56%         3
 Ozocubu's Armour         Ice            1%         N/A       56%         3
 Tukima's Dance           Hex            1%         N/A       56%         3
 Yara's Violent Unravell  Hex/Tmut       0%         3d3       99%         5
 Ozocubu's Refrigeration  Ice            0%         4d5       100%        7


Dungeon Overview and Level Annotations

Branches:
Dungeon (6/15)             Temple (1/1) D:4

Altars:
Ashenzari
Cheibriados
Dithmenos
Elyvilon
Fedhas
Gozag
Hepliaklqana
Kikubaaqudgha
Makhleb
Nemelex Xobeh
Okawaru
Qazlal
Ru
Sif Muna
Trog
Uskayaw
Vehumet
Wu Jian
Xom
Yredelemnul
Zin
The Shining One


Innate Abilities, Weirdness & Mutations

You can breathe wild blasts of lightning.
Your glossy black scales are hard. (AC +6)
You cannot fit into any form of body armour.
You are resistant to electric shocks. (rElec)
You are cold-blooded and may be slowed by cold attacks.


Message History

Unknown command.
The wight hits you with a +4 flail!
* * * LOW HITPOINT WARNING * * *
You feel drained.
* * * LOW HITPOINT WARNING * * *
Your magical contamination has completely faded away.
The wight hits you with a +5 morningstar!
* * * LOW HITPOINT WARNING * * *
You feel drained.
* * * LOW HITPOINT WARNING * * *
Casting: Gell's Gravitas (dangerous; 6% risk of failure)
Confirm with . or Enter, or press ? or * to list all spells.
Aiming: Gell's Gravitas (dangerous; 6% risk of failure)
Press: ? - help, Dir - move target, f/p - wight
Aim: a wight, wielding a +4 flail and wearing a +0 robe Gravity reorients around the wight.
The wight barely misses you.
Unknown command.
The wight barely misses you.
Casting: Gell's Gravitas (dangerous; 6% risk of failure)
Confirm with . or Enter, or press ? or * to list all spells.
Aiming: Gell's Gravitas (dangerous; 6% risk of failure)
Press: ? - help, Dir - move target, f/p - wight
Aim: a wight, wielding a +4 flail and wearing a +0 robe (umbra)
Okay, then.
There is a stone staircase leading up here.
Casting: Gell's Gravitas (dangerous; 6% risk of failure)
Confirm with . or Enter, or press ? or * to list all spells.
Aiming: Gell's Gravitas (dangerous; 6% risk of failure)
Press: ? - help, Dir - move target, f - wight, p - wight
Aim: a wight, wielding a +0 trident and wearing a +0 robe Gravity reorients around the wight.
The wight collides with the wight!
Unknown command.
The wight hits you from afar with a +0 trident!
* * * LOW HITPOINT WARNING * * *
You feel drained.
* * * LOW HITPOINT WARNING * * *
The wight hits you with a +4 flail!
* * * LOW HITPOINT WARNING * * *
You feel drained.
You die...

###.............#
....###.........#
#.#..#.......(..#####
#................#..###
................##....##
().).....#.....##......#
.........#......#.....##
..............zzz......##
.#......#.......@.......#
##......###.........(...#
.#........##............#
##.............###......#**
##..............#...##...>**
....................###...,*
.......###....###.z.......,*
...##.###.....(..........#**
..###..##....##....#....##


You could see 3 wights.

Vanquished Creatures
  2 water moccasins
  A sky beast (D:4)
  An ice beast (D:6)
  2 necrophages (D:3)
  2 scorpions
  2 wights (D:6)
  A jelly (D:4)
  A hound (D:5)
  2 centaur skeletons
  3 iguanas
  An orc wizard (D:3)
  2 hound skeletons
  A howler monkey zombie (D:6)
  4 gnolls (D:6)
  A howler monkey skeleton (D:6)
  An adder (D:3)
  An ufetubus (D:3)
  An adder skeleton (D:4)
  2 worms (D:2)
  3 dart slugs
  6 orcs
  5 ball pythons
  5 endoplasms
  A giant cockroach (D:3)
  5 goblins
  4 hobgoblins
  4 jackals (D:3)
  12 kobolds
  3 quokkas
  5 bats
  4 frilled lizards
  2 rats (D:3)
90 creatures vanquished.

Notes
Turn   | Place    | Note
-------+----------+-------------------------------------------
     0 | D:1      | pkoi the Draconian Monk began the quest for the Orb.
     0 | D:1      | Reached XP level 1. HP: 19/19 MP: 1/1
   158 | D:1      | Reached XP level 2. HP: 10/26 MP: 2/2
   974 | D:2      | Reached skill level 4 in Unarmed Combat
  1116 | D:2      | Learned a level 1 spell: Apportation
  1187 | D:2      | Reached XP level 3. HP: 18/31 MP: 3/3
  2124 | D:3      | Noticed a necrophage
  2131 | D:3      | Killed a necrophage
  2132 | D:3      | Reached skill level 1 in Spellcasting
  2132 | D:3      | Reached skill level 1 in Translocations
  2132 | D:3      | Reached XP level 4. HP: 26/38 MP: 3/6
  2242 | D:3      | Reached XP level 5. HP: 42/45 MP: 7/7
  2474 | D:3      | Noticed a necrophage
  2479 | D:3      | Killed a necrophage
  2480 | D:3      | Reached skill level 5 in Unarmed Combat
  2795 | D:4      | Noticed a sky beast
  2803 | D:4      | Reached XP level 6. HP: 49/51 MP: 9/9
  2822 | D:4      | Killed a sky beast
  3766 | D:4      | Learned a level 3 spell: Gell's Gravitas
  3776 | D:4      | Found an ornate altar of the Wu Jian Council.
  3780 | D:4      | Your scales start taking on a glossy black colour.
  3780 | D:4      | Reached XP level 7. HP: 57/57 MP: 11/11
  3780 | D:4      | Gained mutation: You are resistant to electric shocks.
                  | (rElec) [Black Draconian growth]
  3819 | D:4      | Found a staircase to the Ecumenical Temple.
  3955 | Temple   | Entered the Ecumenical Temple
  4109 | Temple   | Became a worshipper of Dithmenos the Shadowed
  4109 | Temple   | Reached * piety under Dithmenos
  4109 | Temple   | Reached ** piety under Dithmenos
  4162 | D:5      | Entered Level 5 of the Dungeon
  4177 | D:5      | Reached skill level 6 in Unarmed Combat
  4999 | D:6      | Identified a scroll of acquirement
  4999 | D:6      | Acquired 1140 gold pieces
  5019 | D:6      | Reached skill level 5 in Translocations
  5185 | D:6      | Reached skill level 7 in Unarmed Combat
  5185 | D:6      | Reached XP level 8. HP: 55/63 MP: 9/12
  5937 | D:6      | HP: 1/53 [wight (8)]
  5937 | D:6      | Slain by a wight

Illustrated notes

Levels and vault maps discovered:
D:1:      ncdulo_halloftheorcs, layout_rooms
D:2:      layout_basic, supply_closet_lemuel, minmay_misc_feat_hallway
D:3:      layout_basic
D:4:      layout_cave_pools, mainiacjoe_overflow_brackets,
          minmay_temple_entry_glassed_door
D:5:      layout_basic
D:6:      layout_cave_pools, minmay_misc_feat_columns
Temple:   kilobyte_greek_temple

Skill      XL: |  1  2  3  4  5  6  7 |
---------------+----------------------+-----
Unarmed Combat | 4 5 7 |  7.3
Spellcasting   | 1 2 3 |  3.0
Translocations | 1 2 4 5 |  5.8
Fighting       | |  3.2
Dodging        | |  2.6
Stealth        | |  1.7

Action                   |  1- 3 |  4- 6 |  7- 9 || total
-------------------------+-------+-------+-------++-------
Melee: Unarmed           |   101 |       |       ||   101
       Tailslap          |     8 |    12 |     7 ||    27
       Punch             |     1 |     5 |     4 ||    10
       Whip              |    21 |   121 |    33 ||   175
       Dagger            |       |       |    49 ||    49
 Cast: Gell's Gravitas   |       |       |    10 ||    10
  Use: Scroll            |       |     2 |     9 ||    11
 Stab: Sleeping          |     4 |     3 |     1 ||     8
Armor: Skin              |    40 |    54 |    24 ||   118
Dodge: Dodged            |    75 |    67 |    72 ||   214
